Map: New Gettysburg LE

Players

Tholor

  • Race: Terran Terran
  • League: Master

TwisteR - Winner!

  • Race: Terran Terran
  • League: Master

VOD

Have the link to the VOD?

Description

Time

  • Played on: Oct. 9, 2016, 12:20 p.m.
  • Length: 10:20
Show
View Real Time Build Order
Export as new Build Order

Tholor Terran 

Build Orders: Mech 

Get SALT Encoding   

  12  0:00  SCV  
  13  0:13  SCV  
  14  0:19  Supply Depot  
  14  0:25  SCV  
  15  0:40  SCV  
  15  0:42  Barracks  
  16  0:46  Refinery  
  16  0:53  SCV  
  17  1:05  SCV  
  18  1:17  SCV  
  19  1:29  Orbital Command  
  19  1:30  Barracks Reactor  
  19  1:49  Command Center  
  19  1:56  SCV  
  19  2:01  Supply Depot  
  21  2:08  SCV, Marine x2  
  23  2:19  Factory  
  23  2:23  SCV  
  23  2:26  Marine  
  23  2:27  Marine  
  26  2:36  SCV  
  27  2:41  Refinery  
  27  2:44  Marine x2  
  27  2:48  SCV  
  30  3:00  SCV  
  30  3:03  Orbital Command  
  31  3:06  Starport  
  31  3:11  Factory Tech Lab  
  31  3:13  SCV, Marine x2  
  34  3:25  SCV  
  35  3:28  SCV  
  35  3:32  Siege Tank  
  35  3:33  Supply Depot  
  39  3:39  SCV  
  39  3:41  SCV  
  41  3:42  Medivac  
  41  3:46  Marine x2  
  45  3:51  SCV  
  45  3:54  SCV  
  47  3:56  Supply Depot  
  47  4:04  SCV  
  47  4:07  SCV  
  49  4:12  Siege Tank  
  49  4:16  SCV  
  53  4:19  Viking  
  53  4:22  Supply Depot  
  53  4:24  SCV  
  56  4:26  Refinery  
  56  4:27  Refinery  
  56  4:28  SCV  
  57  4:36  SCV  
  58  4:39  Command Center  
  58  4:40  SCV  
  56  5:00  SCV x2  
  54  5:12  Viking  
  48  5:14  SCV x2  
  48  5:18  Siege Tank  
  53  5:22  Engineering Bay, Factory  
  53  5:26  SCV x2  
  55  5:31  Supply Depot  
  55  5:38  SCV x2  
  55  5:42  Viking  
  56  5:56  Missile Turret  
  53  5:57  SCV x2  
  54  6:08  Siege Tank  
  54  6:09  SCV x2, Hellion x2  
  63  6:24  Missile Turret, Viking  
  65  6:26  SCV x2  
  67  6:38  SCV  
  68  6:45  Supply Depot, Siege Tank  
  71  6:50  Hellion  
  71  6:51  SCV x2, Hellion  
  77  6:57  Viking  
  79  7:05  Missile Turret x2  
  79  7:06  Missile Turret  
  74  7:28  Siege Tank, Hellion  
  74  7:29  Hellion  
  81  7:30  Viking  
  83  7:38  Factory x2  
  83  7:48  SCV x2  
  85  7:57  Infernal Pre-Igniter, Hellion x2  
  89  8:00  Refinery  
  89  8:01  Siege Tank  
  92  8:08  Refinery  
  92  8:12  Viking  
  94  8:15  Supply Depot  
  94  8:16  Planetary Fortress  
  94  8:33  Factory Reactor, Factory Tech Lab  
  98  8:34  Hellion x2  
  98  8:35  Siege Tank  
  101  8:41  Supply Depot  
  101  8:53  Siege Tank, Viking  
  106  8:56  SCV x3  
  109  9:06  Supply Depot  
  109  9:12  Siege Tank  
  112  9:20  Hellion x2  
  112  9:23  Armory  
  112  9:24  Armory  
  116  9:28  Hellion  
  116  9:29  Supply Depot  
  116  9:30  Supply Depot  
  118  9:37  Supply Depot  
  118  9:50  Missile Turret x2  
  118  9:51  Hellion x3  
  118  9:52  Missile Turret  
  130  9:56  Missile Turret  
  130  10:04  Starport  
  130  10:06  Supply Depot  
  130  10:10  Starport  
  130  10:12  Starport  
Show
View Real Time Build Order
Export as new Build Order

TwisteR Terran - Winner!

Build Orders: Reaper Expand, MMM Bio, Banshee Rush 

Get SALT Encoding   

  12  0:01  SCV  
  13  0:13  SCV  
  14  0:19  Supply Depot  
  14  0:25  SCV  
  15  0:30  Refinery  
  15  0:40  SCV  
  16  0:46  Barracks  
  16  0:52  SCV  
  17  1:04  SCV  
  18  1:16  SCV  
  19  1:35  Orbital Command  
  19  1:36  Reaper  
  20  1:48  Command Center  
  20  2:02  SCV  
  20  2:07  Factory  
  21  2:08  Marine  
  21  2:15  Supply Depot  
  22  2:18  SCV  
  23  2:27  Refinery  
  23  2:36  SCV, Marine  
  25  2:48  SCV  
  26  2:52  Factory Tech Lab  
  26  2:53  Starport  
  26  2:56  Marine  
  27  3:00  SCV  
  27  3:04  Orbital Command  
  29  3:12  SCV  
  29  3:15  Marine  
  30  3:24  Hellion  
  30  3:25  SCV  
  32  3:30  SCV  
  33  3:37  Cloaking Field, SCV  
  33  3:40  Banshee  
  33  3:41  Supply Depot  
  37  3:42  SCV  
  37  3:43  Barracks Reactor  
  37  3:45  Factory Tech Lab  
  38  3:49  SCV  
  38  3:54  SCV  
  40  3:58  Supply Depot  
  40  4:01  SCV  
  41  4:07  SCV  
  41  4:09  Cyclone  
  46  4:13  SCV  
  47  4:19  Supply Depot, SCV  
  47  4:20  Marine x2  
  47  4:23  Banshee  
  53  4:25  Engineering Bay  
  53  4:27  SCV  
  53  4:31  SCV  
  55  4:38  Supply Depot  
  55  4:39  SCV  
  55  4:43  SCV  
  57  4:51  SCV  
  48  5:01  SCV  
  48  5:03  SCV  
  44  5:13  SCV  
  43  5:15  SCV  
  43  5:18  Marine  
  45  5:25  Command Center  
  45  5:26  SCV  
  45  5:27  SCV  
  47  5:31  Barracks  
  47  5:33  Starport Reactor  
  47  5:38  SCV  
  47  5:39  SCV  
  49  5:50  SCV, Refinery  
  49  5:52  SCV  
  48  5:59  Marine  
  48  6:00  Siege Tank, Marine  
  48  6:02  SCV  
  48  6:04  SCV  
  55  6:14  Medivac x2, SCV  
  55  6:16  SCV  
  55  6:17  Marine  
  59  6:19  Refinery  
  59  6:20  Marine  
  59  6:21  Marine  
  59  6:22  Stimpack  
  61  6:26  SCV  
  61  6:28  SCV, Terran Infantry Weapons Level 1  
  61  6:32  Barracks, Siege Tank  
  66  6:34  Supply Depot  
  66  6:35  Marine  
  66  6:38  SCV  
  68  6:40  SCV  
  68  6:42  Orbital Command  
  68  6:45  Marine x2  
  71  6:50  SCV  
  71  6:52  SCV, Marine  
  71  6:53  Medivac  
  76  6:58  Barracks  
  76  7:02  Medivac, Barracks, SCV  
  76  7:03  Marine  
  76  7:04  SCV  
  81  7:14  SCV  
  82  7:16  SCV  
  82  7:17  SCV, Marine  
  82  7:19  Barracks Tech Lab  
  85  7:23  Factory  
  85  7:24  Marine x2  
  85  7:25  Siege Tank  
  85  7:27  SCV  
  85  7:28  SCV  
  85  7:29  SCV  
  93  7:32  Supply Depot  
  93  7:35  Supply Depot  
  93  7:39  Missile Turret, SCV  
  93  7:40  Marine  
  93  7:43  Combat Shields, Marauder  
  93  7:44  Medivac, Marauder  
  101  7:54  SCV x3, Refinery, Marine  
  101  7:57  Supply Depot  
  101  7:58  Supply Depot  
  105  7:59  Marine  
  105  8:01  Supply Depot  
  105  8:04  Marauder  
  108  8:06  SCV x3  
  108  8:07  Marauder  
  108  8:09  Barracks Tech Lab  
  108  8:10  Barracks Reactor  
  108  8:11  Factory Tech Lab  
  108  8:12  Siege Tank  
  116  8:15  Engineering Bay  
  116  8:17  Marine  
  116  8:18  Armory  
  116  8:22  SCV, Marine  
  116  8:25  Marauder  
  116  8:26  Medivac  
  122  8:29  Marine, Marauder  
  122  8:30  SCV  
  122  8:34  Refinery  
  126  8:37  Supply Depot  
  126  8:38  Supply Depot  
  126  8:39  Supply Depot, SCV, Marine  
  128  8:42  Supply Depot  
  128  8:50  Marine  
  128  8:51  Marauder  
  128  8:54  Marine x2, Marauder  
  128  8:55  Marauder  
  134  8:57  Medivac  
  134  8:58  Siege Tank  
  134  9:01  Siege Tank  
  142  9:10  Marine  
  142  9:12  Marauder  
  142  9:13  Barracks  
  142  9:14  Marine  
  142  9:15  Barracks  
  146  9:18  Marine, Marauder  
  146  9:19  Marine  
  150  9:25  Supply Depot  
  150  9:30  Marine  
  151  9:53  Marine  
  151  9:54  Marauder, Marine  
  151  9:55  Marauder x2  
  169  10:00  Marine x2  
  172  10:11  Barracks Tech Lab  
Tags
 
Add a new tag
Caveats
  • Supply blocks, unpowered buildings, or Contaminate may cause inaccurate times.
  • Supply counts are checked every 10 seconds.